 Dungeon Crawl Stone Soup version 0.31-a0-1589-g8f5e8aebd6 (webtiles) character file.

Game seed: 11484903652932584038

1249 Atlas the Ruffian (level 8, -4/74 HPs)
             Began as a Troll Shapeshifter on Jan 6, 2024.
             Slain by a gnoll
             ... wielding a +0 halberd
              (11 damage)
             ... on level 5 of the Dungeon.
             The game lasted 00:04:34 (3990 turns).

Atlas the Ruffian (Troll Shapeshifter)              Turns: 3990, Time: 00:04:35

Health: -4/74      AC:  4    Str: 25    XL:     8   Next: 26%
Magic:  16/16      EV: 10    Int:  6    God:
Gold:   183        SH:  0    Dex:  9    Spells: 7/7 levels left

rFire   . .          .
                       - Unarmed
rCold   . . .        (no shield)
rNeg    . . .        a - +0 animal skin
rPois   .            (helmet currently unavailable)
rElec   .            (cloak currently unavailable)
rCorr   .            (gloves unavailable)
SInv    .            (boots unavailable)
Will    .....        (no amulet)
Stlth   +            n - ring of magical power
HPRegen 1.12/turn    (no ring)
MPRegen 0.15/turn

%: no passive effects
@: beast-form
A: beast (slay +3), large, unfitting armour, claws 3, regeneration 1, shaggy fur
1, tough skin 1
a: Begin Untransformation


You were on level 5 of the Dungeon.
You were a hulking beast.
You visited 1 branch of the dungeon, and saw 5 of its levels.

You collected 273 gold pieces.
You spent 90 gold pieces at shops.

Inventory:

Missiles
 l - a throwing net
 y - 2 javelins (quivered)
Armour
 a - a +0 animal skin (worn)
Jewellery
 n - a ring of magical power (left claw)
 u - a +6 ring of dexterity
 x - a ring of fire
Talismans
 c - a beast talisman
 d - a flux talisman
Wands
 r - a wand of quicksilver (6)
Scrolls
 e - 2 scrolls of fear {unknown}
 f - 4 scrolls of fog {unknown}
 g - a scroll of torment {unknown}
 h - 4 scrolls of identify {unknown}
 i - 2 scrolls of noise {unknown}
 j - a scroll of amnesia {unknown}
 k - a scroll of acquirement {unknown}
 o - a scroll of summoning {unknown}
 q - a scroll of teleportation {unknown}
 t - a scroll of vulnerability {unknown}
 v - 2 scrolls of blinking {unknown}
Potions
 b - 3 potions of lignification
 m - a potion of resistance {unknown}
 p - a potion of curing
 s - 3 potions of heal wounds {unknown}
 w - a potion of enlightenment {unknown}
 z - a potion of invisibility {unknown}


   Skills:
 + Level 2.3 Fighting
 + Level 3.3 Dodging
 + Level 0.6 Stealth
 + Level 7.4 Unarmed Combat
 * Level 5.7 Shapeshifting


You had 7 spell levels left.
You didn't know any spells.
Your spell library contained the following spells:

 Spells                   Type           Power      Damage    Failure   Level
 Magic Dart               Conj           0%         1d3       45%         1
 Blink                    Tloc           0%         N/A       58%         2
 Call Imp                 Summ           0%         N/A       58%         2
 Mercury Vapours          Alch/Air       0%         N/A       58%         2
 Mephitic Cloud           Conj/Alch/Air  0%         N/A       83%         3
 Freezing Cloud           Conj/Ice/Air   0%         6-21      100%        5


Dungeon Overview and Level Annotations

Branches:
Dungeon (5/15)
 Temple: D:4-7

Altars:
Dithmenos
Elyvilon
Trog
Zin

Annotations:
D:3 3 runed translucent doors, djduke's ghost, amateur KoMo


Innate Abilities, Weirdness & Mutations

You are a hulking beast.
Your limbs bulge with bestial killing power. (Slay +3)
You are too large for most types of armour.
You have claws for hands.
Your natural rate of healing is unusually fast.
You are covered in fur. (AC +1)
You have tough skin. (AC +1)


Message History

The gnoll closely misses you. The orc hits you with a +0 hand axe.
You mangle the orc!!
You kill the orc!
You feel sick.
The kobold brigand throws a poisoned dart.
The poisoned dart hits you!
You are more poisoned.
The gnoll hits you from afar with a +0 spear.
You claw the orc!
You kill the orc!
You feel very sick.
The kobold brigand hits you from afar with a +0 trident!
The gnoll hits you from afar with a +0 spear.
You feel very sick.
The kobold brigand hits you from afar with a +0 trident.
The gnoll hits you with a +0 spear!
Things that are here:
a +0 hand axe; a +0 club; 3 boomerangs You scratch the gnoll.
The gnoll is heavily wounded.
You feel sick. The kobold brigand misses you.
The gnoll hits you with a +0 spear.
You claw the gnoll!
You kill the gnoll!
You feel sick.
The kobold brigand throws a poisoned dart.
The poisoned dart hits you!
You are more poisoned.
You scratch the gnoll.
The gnoll is moderately wounded.
You feel very sick. The gnoll hits you with a +0 flail.
* * * LOW HITPOINT WARNING * * *
A gnoll comes into view. It is wielding a +0 halberd.
The kobold brigand hits you from afar with a +0 trident!
* * * LOW HITPOINT WARNING * * *
You feel better. The gnoll hits you with a +0 flail.
* * * LOW HITPOINT WARNING * * *
The gnoll hits you from afar with a +0 halberd!
You die...

~≈≈≈≈≈≈~≈~≈≈≈≈≈≈≈≈~≈≈≈≈≈~≈≈≈~....
~~≈~≈~~~~~~~~≈~~~~~~~~#####≈≈....
..†...................#.gg#≈~....
#######################...#≈~P...
)? ....#+###≈≈.... ########....#
#.~≈~.... ..#......Kg.. #.~≈~..P.
~........g#'' #.~≈~....
~.....$)h)# #.~~~.... ..#.......#
#.~~~.... #################'#
#.≈≈~.... .).).'.).)'.....^.#
#.~≈~.... ....)#.).)#.......#
.~≈~.... .....#.)..#.......#
##≈~P... ######')''#############
.#≈~.... .........)............#
Kg#≈~....
~~~~~~....~~~≈~~≈≈~~≈~#####≈~....


You could see a kobold brigand and 2 gnolls.

Vanquished Creatures
  Grinder (D:3)
  An ogre (D:5)
  A scorpion (D:4)
  3 howler monkeys (D:5)
  A bombardier beetle (D:5)
  2 jellies
  2 orc priests (D:5)
  A hound (D:5)
  2 gnoll boudas (D:5)
  An iguana (D:5)
  3 orc wizards
  A sleepcap (D:5)
  Robin (D:2)
  9 gnolls (D:5)
  12 adders
  4 dart slugs
  6 ribbon worms
  49 orcs
  5 endoplasms
  2 giant cockroaches (D:1)
  12 goblins
  10 hobgoblins
  18 jackals
  8 kobolds
  7 quokkas
  7 ball pythons
  4 bats
  2 frilled lizards
  3 rats
178 creatures vanquished.

Vanquished Creatures (others)
  2 orc wizards (D:5)
  2 orcs (D:5)
4 creatures vanquished.

Grand Total: 182 creatures vanquished

Notes
Turn   | Place    | Note
-------+----------+-------------------------------------------
     0 | D:1      | Atlas the Troll Shapeshifter began the quest for the Orb.
     0 | D:1      | Reached XP level 1. HP: 18/18 MP: 0/0
   189 | D:1      | Reached XP level 2. HP: 19/26 MP: 1/1
   777 | D:2      | Noticed Robin
   786 | D:2      | Killed Robin
   787 | D:2      | Reached XP level 3. HP: 13/32 MP: 2/2
   946 | D:2      | Reached skill level 1 in Fighting
  1052 | D:2      | Reached XP level 4. HP: 41/41 MP: 3/3
  1237 | D:2      | Found a faded altar of an unknown god.
  1436 | D:2      | Reached skill level 4 in Unarmed Combat
  1816 | D:3      | Noticed Grinder
  1816 | D:3      | Paralysed by Grinder for 5 turns
  1822 | D:3      | Reached XP level 5. HP: 47/48 MP: 4/4
  1828 | D:3      | Paralysed by Grinder for 4 turns
  1851 | D:3      | Killed Grinder
  1852 | D:3      | Reached skill level 5 in Unarmed Combat
  1852 | D:3      | Reached XP level 6. HP: 32/55 MP: 5/5
  1888 | D:3      | Found a runed translucent gate.
  1888 | D:3      | Found a runed translucent gate.
  1888 | D:3      | Found a runed translucent gate.
  2024 | D:3      | Noticed djduke's ghost (amateur KoMo)
  2134 | D:3      | Found a glowing silver altar of Zin.
  2136 | D:3      | Found Zin's Purification Station.
  2144 | D:3      | Bought a potion of curing for 90 gold pieces
  2648 | D:4      | Found a bloodstained altar of Trog.
  2715 | D:4      | Reached XP level 7. HP: 54/65 MP: 6/6
  3109 | D:5      | Entered Level 5 of the Dungeon
  3218 | D:5      | Reached skill level 6 in Unarmed Combat
  3344 | D:5      | Reached skill level 5 in Shapeshifting
  3563 | D:5      | Reached XP level 8. HP: 74/74 MP: 7/7
  3570 | D:5      | Reached skill level 7 in Unarmed Combat
  3653 | D:5      | Found a shadowy altar of Dithmenos.
  3764 | D:5      | Found a white marble altar of Elyvilon.
  3990 | D:5      | Slain by a gnoll

Illustrated notes

Levels and vault maps discovered:
D:1:      grunt_arrival_crossed_arrows, layout_basic, serial_aquarium,
          aquarium_bridge_island_small [aquarium_subvault_small_water,
          aquarium_subvault_bridge, aquarium_subvault_window,
          aquarium_subvault_bridge, aquarium_subvault_wall], aquarium_window_2,
          aquarium_window_fake, aquarium_window_2, aquarium_window_corridor_3,
          aquarium_view_2a, aquarium_view_2b, aquarium_pool_1
D:2:      layout_basic, chequers_ecumenical_altar_grove, st_stairs_12,
          minmay_heptomino_l4, uniq_robin
D:3:      layout_basic, zin_purify, gammafunk_ghost_icy, uniq_grinder
D:4:      layout_basic, mainiacjoe_overflow_alcove_1
D:5:      lemuel_castle_with_subvaults [lemuel_castle_interior_carwin_3],
          layout_loops_ring, kennysheep_little_box, elyvilon_altar_4

Skill      XL: |  1  2  3  4  5  6  7  8 |
---------------+-------------------------+-----
Dodging        | 2 3 |  3.3
Fighting       | 1 2 |  2.3
Shapeshifting  | 4 5 |  5.7
Unarmed Combat | 4 5 6 7 |  7.4
Stealth        | |  0.6

Action                     |  1- 3 |  4- 6 |  7- 9 || total
---------------------------+-------+-------+-------++-------
  Melee: Unarmed           |    71 |   170 |   182 ||   423
         Punch             |       |     4 |     5 ||     9
    Use: Potion            |       |       |     1 ||     1
   Stab: Sleeping          |       |     1 |       ||     1
 Armour: Animal skin       |    51 |   121 |   115 ||   287
  Dodge: Dodged            |    23 |    61 |    70 ||   154

Table legend: (Time is in decaauts)
 A = Elapsed time spent in this place.
 B = Non-inter-level travel time spent in this place.
 C = Inter-level travel time spent in this place.
 D = Time resting spent in this place.
 E = Time spent auto-exploring this place.
 F = Levels seen in this place.
 G = Mean time per level.
                   A        B        C        D        E       F      G
               +--------+--------+--------+--------+--------+-----+--------+
         Total |   3949 |   3830 |    119 |      0 |   2981 |   5 |  789.8 |
       Dungeon |   3949 |   3830 |    119 |      0 |   2981 |   5 |  789.8 |
               +--------+--------+--------+--------+--------+-----+--------+

Top non-repeatable levels by time:
     D:2: 1033 daAuts
     D:5: 860 daAuts
     D:3: 839 daAuts
     D:1: 676 daAuts
     D:4: 539 daAuts
